 Dungeon Crawl Stone Soup version 0.21-a0-39-g28ea6b7 (webtiles) character file.

32 Duffy the Magician (level 3, 0/16 HPs)
             Began as a Spriggan Earth Elementalist on June 3, 2017.
             Slain by Robin
             ... wielding a +0 short sword
              (7 damage)
             ... on level 2 of the Dungeon.
             The game lasted 00:01:10 (1256 turns).

Duffy the Magician (Spriggan Earth Elementalist)    Turns: 1256, Time: 00:01:10

Health: 0/16       AC:  2    Str:  4    XL:     3   Next: 10%
Magic:  5/9        EV: 18    Int: 17    God:
Gold:   52         SH:  0    Dex: 16    Spells: 5/9 levels left

rFire    . . .     SeeInvis +   m - +1 short sword (flame)
rCold    . . .     Gourm    .   (shield restricted)
rNeg     . . .     Faith    .   c - +0 robe
rPois    .         Spirit   .   (helmet restricted)
rElec    .         Reflect  .   (no cloak)
rCorr    .         Harm     .   (gloves unavailable)
MR       .....                  (boots unavailable)
Stlth    ++........             (no amulet)
Regen    0.1/turn               (no ring)
MPRegen  0.2/turn               (no ring)

@: very quick
A: unfitting armour, see invisible, herbivore 3, speed 3, slow metabolism 2
a: no special abilities


You were on level 2 of the Dungeon.
You were not hungry.

You visited 1 branch of the dungeon, and saw 2 of its levels.

You collected 52 gold pieces.

Inventory:

Hand Weapons
 m - a +1 short sword of flaming (weapon)
Missiles
 b - 39 stones (quivered)
Armour
 c - a +0 robe (worn)
Scrolls
 f - a scroll of blinking {unknown}
 i - a scroll of random uselessness {unknown}
 k - a scroll of recharging {unknown}
 l - a scroll of teleportation {unknown}
 n - a scroll of remove curse {unknown}
Potions
 g - a potion of heal wounds {unknown}
 h - a potion of magic {unknown}
 j - a potion of flight {unknown}
 o - a potion of curing {unknown}
Books
 e - a book of Geomancy

   Spells                             Type                      Level
   a - Sandblast                      Earth                        1
   b - Passwall                       Transmutation/Earth          2
   c - Stone Arrow                    Conjuration/Earth            3
   d - Petrify                        Transmutation/Earth          4
   e - Lee's Rapid Deconstruction     Earth                        5
Comestibles
 a - 2 fruits
 d - a bread ration


   Skills:
 - Level 3.0 Dodging
 - Level 3.0 Stealth
 + Level 3.7 Spellcasting
 + Level 0.1 Conjurations
   Level 1.3 Transmutations
 + Level 3.2 Earth Magic


You had 5 spell levels left.
You knew the following spells:

 Your Spells              Type           Power        Failure   Level  Hunger
a - Sandblast             Erth           ##....       4%          1    None
h - Stone Arrow           Conj/Erth      #.....       24%         3    ###....


Dungeon Overview and Level Annotations

Branches:
Dungeon (2/15)

Altars:

Annotations:
D:2 Robin


Innate Abilities, Weirdness & Mutations

You are very small and have problems with some larger weapons.
You are too small for most types of armour.
You have supernaturally acute eyesight. (SInv)
You are a herbivore.
You cover ground extremely quickly.
You need consume almost no food.


Message History

b - 41 stones
Casting: Sandblast
Confirm with . or Enter, or press ? or * to list all spells.
Aiming: Sandblast
Press: ? - help, Shift-Dir - straight line, f/p - Robin
Aim: Robin, wielding a short sword, wearing an animal skin and wearing a helmet (moderately wounded)
The blast of sand hits Robin.
Robin is moderately wounded.
b - 40 stones Robin hits you with a short sword.
Casting: Sandblast
Confirm with . or Enter, or press ? or * to list all spells.
Aiming: Sandblast
Press: ? - help, Shift-Dir - straight line, f/p - Robin
Aim: Robin, wielding a short sword, wearing an animal skin and wearing a helmet (moderately wounded)
The blast of sand hits Robin.
Robin is moderately wounded.
b - 39 stones Robin hits you with a short sword!
You die...

#.#
#.....#
#g#
#..$..#
#)#
#####.#
#.# .#
#.#
#)####
#...)#
####g#
#@# #.#
#.# #.#
#.# #.#
#.# #.#
#.#


You could see Robin.

Vanquished Creatures
  An adder (D:2)
  A dart slug (D:1)
  4 goblins
  5 hobgoblins (D:1)
  2 jackals (D:1)
  5 kobolds
  A frilled lizard (D:2)
  A rat (D:1)
20 creatures vanquished.

Notes
Turn   | Place    | Note
-------+----------+-------------------------------------------
     0 | D:1      | Duffy the Spriggan Earth Elementalist began the quest for the Orb.
     0 | D:1      | Reached XP level 1. HP: 9/9 MP: 5/5
   462 | D:1      | Reached XP level 2. HP: 11/13 MP: 7/7
  1158 | D:2      | Reached XP level 3. HP: 16/16 MP: 9/9
  1211 | D:2      | Learned a level 3 spell: Stone Arrow
  1218 | D:2      | Noticed Robin
  1256 | D:2      | Slain by Robin

Vault maps used:
D:1:      dpeg_arrival_orchard, minivault_26
D:2:      lexackson_kobold_supper, uniq_robin

Skill      XL: |  1 |
---------------+----+-----
Spellcasting   | 3 |  3.7
Earth Magic    | 3 |  3.2
Dodging        | |  3.0
Stealth        | |  3.0
Conjurations   | |  0.1
Transmutations | |  1.3

Action                   || total
-------------------------++-------
Melee: Short sword       ||    43
 Cast: Sandblast         ||    11
 Stab: Sleeping          ||     3
       Distracted        ||     1
Armor: Robe              ||     4
Dodge: Dodged            ||    33
